 Dungeon Crawl Stone Soup version 0.27-a0-1529-g1e82c303ef (webtiles) character file.

Game seed: 5588259123863763934

89 Hasart the Chopper (level 4, -2/38 HPs)
             Began as a Demigod Fighter on July 12, 2021.
             Slain by an orc (5 damage)
             ... on level 3 of the Dungeon.
             The game lasted 00:01:57 (1974 turns).

Hasart the Chopper (Demigod Fighter)                Turns: 1974, Time: 00:01:58

Health: -2/38      AC:  6    Str: 21    XL:     4   Next: 10%
Magic:  6/6        EV:  7    Int: 10    God:
Gold:   115        SH: 10    Dex: 13    Spells: 3/3 levels left

rFire    . . .     SeeInvis .   a - +0 war axe
rCold    . . .     Faith    .   c - +1 kite shield
rNeg     . . .     Spirit   .   b - +0 scale mail
rPois    .         Reflect  .   (no helmet)
rElec    .         Harm     .   (no cloak)
rCorr    .         Rampage  .   (no gloves)
Will     .....                  (no boots)
Stlth    ..........             (no amulet)
HPRegen  0.12/turn              (no ring)
MPRegen  0.10/turn              (no ring)

@: no status effects
A: high mp 1, forlorn
a: no special abilities


You were on level 3 of the Dungeon.
You visited 1 branch of the dungeon, and saw 3 of its levels.

You collected 115 gold pieces.

Inventory:

Hand Weapons
 a - a +0 war axe (weapon)
Armour
 b - a +0 scale mail (worn)
 c - a +1 kite shield (worn)
Jewellery
 h - a +4 ring of slaying
Potions
 d - a potion of might
 i - a potion of cancellation
 j - a potion of ambrosia


   Skills:
 + Level 3.4 Fighting
 * Level 3.6 Axes
 - Level 2.6 Armour
 - Level 2.6 Shields


You had 3 spell levels left.
You didn't know any spells.
Your spell library was empty.

Dungeon Overview and Level Annotations

Branches:
Dungeon (3/15)


Innate Abilities, Weirdness & Mutations

Your attributes grow dramatically as you level up.
You have an increased reservoir of magic. (+10% MP)
You shall have no god before yourself.


Message History

The orc priest hits you with a +0 club. x2
You are too injured to fight recklessly!
You are too injured to fight recklessly!
You hit the orc priest.
The orc priest is heavily wounded.
You block the orc priest's attack.
You hit the orc priest.
The orc priest is severely wounded.
You block the orc priest's attack. The orc priest hits you with a +0 club.
* * * LOW HITPOINT WARNING * * *
You hit the orc priest but do no damage.
The orc priest is severely wounded.
The orc priest hits you with a +0 club.
* * * LOW HITPOINT WARNING * * *
You block the orc priest's attack.
You slash the orc priest!
You kill the orc priest!
You have reached level 4!
Things that are here:
a +0 club; a +0 ring mail; an orc corpse
There is a stone staircase leading down, spattered with blood here.
You start resting.
HP restored.
You climb downwards.
The orc hits you but does no damage. The orc hits you with a +0 war axe.
There is a stone staircase leading up here.
You hit the orc but do no damage. The orc hits you with a +0 war axe!
You hit the orc but do no damage. The orc barely misses you.
The orc hits you with a +0 war axe!
You completely miss the orc. The orc hits you but does no damage.
You barely miss the orc. The orc hits you with a +0 war axe!
* * * LOW HITPOINT WARNING * * *
The orc hits you with a +0 war axe!
* * * LOW HITPOINT WARNING * * *
You closely miss the orc. The orc hits you but does no damage.
Unknown command.
You hit the orc.
The orc is almost dead.
You block the orc's attack. The orc hits you with a +0 war axe.
You die...

. #######...
.#####.o.......
>.....)@..#
#######.### ..#
.### .. #. #. .


You could see an orc.

Vanquished Creatures
  An orc priest (D:2)
  Jessica (D:2)
  A dart slug (D:1)
  3 orcs
  3 bats
  An endoplasm (D:1)
  2 giant cockroaches (D:1)
  2 goblins (D:1)
  4 hobgoblins
  A ball python (D:1)
  2 frilled lizards
  3 kobolds
  6 rats
30 creatures vanquished.

Notes
Turn   | Place    | Note
-------+----------+-------------------------------------------
     0 | D:1      | Hasart the Demigod Fighter began the quest for the Orb.
     0 | D:1      | Reached XP level 1. HP: 18/18 MP: 3/3
   295 | D:1      | Reached XP level 2. HP: 25/25 MP: 4/4
  1149 | D:2      | Noticed Jessica
  1154 | D:2      | Killed Jessica
  1155 | D:2      | Reached XP level 3. HP: 6/31 MP: 5/5
  1709 | D:2      | Reached XP level 4. HP: 7/38 MP: 6/6
  1974 | D:3      | Slain by an orc

Illustrated notes

Levels and vault maps discovered:
D:1:      nzn_arrival_crosshair, layout_basic,
          hellmonk_ecumenical_altar_heavens_door, dk_noncrumbling_4,
          minmay_tripent
D:2:      layout_rooms, uniq_jessica
D:3:      layout_rooms

Skill      XL: |  1  2 |
---------------+-------+-----
Axes           | 2 3 |  3.6
Fighting       | 3 |  3.4
Armour         | |  2.6
Shields        | |  2.6

Action                   |  1- 3 |  4- 6 || total
-------------------------+-------+-------++-------
Melee: War axe           |    74 |     6 ||    80
  Use: Scroll            |     5 |       ||     5
Armor: Scale mail        |    31 |     3 ||    34
Dodge: Dodged            |    19 |     1 ||    20
Block: Kite shield       |    38 |     1 ||    39

Table legend: (Time is in decaauts)
 A = Elapsed time spent in this place.
 B = Non-inter-level travel time spent in this place.
 C = Inter-level travel time spent in this place.
 D = Time resting spent in this place.
 E = Time spent auto-exploring this place.
 F = Levels seen in this place.
 G = Mean time per level.
                   A        B        C        D        E       F      G
               +--------+--------+--------+--------+--------+-----+--------+
         Total |   2024 |   1993 |     31 |    276 |   1482 |   3 |  674.7 |
       Dungeon |   2024 |   1993 |     31 |    276 |   1482 |   3 |  674.7 |
               +--------+--------+--------+--------+--------+-----+--------+

Top non-repeatable levels by time:
     D:2: 1046 daAuts
     D:1: 952 daAuts
     D:3: 24 daAuts
